 Dungeon Crawl Stone Soup version 0.32-a0-909-gc671339a80 (webtiles) character file.

Game seed: 11376409808251485851

56320 Autsider the Frost Mage (level 14, -13/119 HPs)
             Began as a Ghoul Ice Elementalist on Apr 7, 2024.
             Was a High Priest of Sif Muna.
             Mangled by a skeletal warrior
             ... wielding a +0 battleaxe
              (15 damage)
             ... on level 12 of the Dungeon.
             The game lasted 01:29:39 (26144 turns).

Autsider the Frost Mage (Ghoul Ice Elementalist)   Turns: 26144, Time: 01:29:40

Health: -13/119    AC: 32    Str: 13    XL:     14   Next: 81%
Magic:  5/25       EV: 13    Int: 23    God:    Sif Muna [*****.]
Gold:   1004       SH:  0    Dex: 18    Spells: 15/27 levels left

rFire   + . .        f - +5 falchion of the Unseen Realm {freeze, Dex+6}
rCold   + . .        (no shield)
rNeg    + + +        T - +5 ring mail of Hedging {*Slow +Blink Int+5 Dex+3}
rPois   ∞            g - +2 helmet
rElec   .            w - +2 cloak
rCorr   .            O - +0 pair of gloves
SInv    .            K - +0 pair of boots
Will    +....        P - amulet of the acrobat
Stlth   ++           k - +4 ring of protection
HPRegen 0.00/turn    s - ring of protection from fire
MPRegen 0.19/turn

%: slow self (1%), acrobat
@: ice-armoured, inhibited regen
A: claws 1, cold resistance 1, negative energy resistance 3, inhibited
regeneration, torment resistance 2, devour on kill
a: Renounce Religion, Evoke Blink, Channel Magic, Forget Spell, Divine Exegesis


You were on level 12 of the Dungeon.
You worshipped Sif Muna.
Sif Muna was extremely pleased with you.
You visited 3 branches of the dungeon, and saw 19 of its levels.
You also visited: Ossuary.

You collected 1004 gold pieces.

Inventory:

Hand Weapons
 f - the +5 falchion of the Unseen Realm (weapon) {freeze, Dex+6}
   (You found it on level 1 of the Lair of Beasts)

   Dex+6:     It affects your dexterity (+6).
 y - a +1 trident of pain
 z - a +2 glaive
 N - a +4 falchion
Missiles
 G - 2 throwing nets (quivered)
Armour
 g - a +2 helmet (worn)
 n - the +7 plate armour of Midwinter {rC+ Str+2}
   (You found it on level 12 of the Dungeon)

   Str+2:     It affects your strength (+2).
   rC+:       It protects you from cold.
 w - a +2 cloak (worn)
 K - a +0 pair of boots (worn)
 O - a +0 pair of gloves (worn)
 T - the +5 ring mail of Hedging (worn) {*Slow +Blink Int+5 Dex+3}
   (You found it on level 10 of the Dungeon)

   Int+5:     It affects your intelligence (+5).
   Dex+3:     It affects your dexterity (+3).
   +Blink:    It lets you blink.
   *Slow:     It may slow you when you take damage.
Jewellery
 k - a +4 ring of protection (left hand)
 s - a ring of protection from fire (right hand)
 t - an amulet of reflection
 H - a ring of magical power
 M - the ring of Bephit {Will+ Dex+4}
   (You found it on level 5 of the Lair of Beasts)

   [ring of willpower]

   Dex+4:     It affects your dexterity (+4).
   Will+:     It increases your willpower.
 P - an amulet of the acrobat (around neck)
 R - a ring of ice
 S - a +6 ring of dexterity
 U - a ring of fire
 Z - an amulet of regeneration
Wands
 a - a wand of mindburst (19)
 r - a wand of polymorph (24)
 D - a wand of paralysis (23)
 F - a wand of roots (12)
 Q - a wand of flame (7)
Scrolls
 d - 4 scrolls of fear
 e - 7 scrolls of vulnerability
 h - a scroll of teleportation {@r2}
 i - a scroll of enchant weapon
 j - 4 scrolls of fog
 l - 4 scrolls of immolation
 m - 5 scrolls of revelation
 v - a scroll of silence
 B - 10 scrolls of enchant armour
 C - 5 scrolls of amnesia
 E - 3 scrolls of blinking
 I - 6 scrolls of identify {@r1}
 J - a scroll of poison
 L - a scroll of torment
Potions
 b - a potion of heal wounds {@q2}
 c - 8 potions of attraction
 o - 2 potions of magic
 p - 5 potions of enlightenment
 q - 16 potions of curing {@q1}
 x - 7 potions of might
 A - 2 potions of haste
 X - a potion of cancellation
 Y - 3 potions of brilliance
Miscellaneous
 u - a phantom mirror


   Skills:
 + Level 9.8 Fighting
 - Level 9.3 Polearms
 - Level 10.0 Armour
 - Level 6.0 Dodging
 - Level 3.0 Stealth
 - Level 2.0 Shields
 + Level 7.4 Spellcasting
 - Level 4.0 Conjurations
 - Level 3.0 Summonings
 + Level 1.8 Fire Magic
 + Level 11.4 Ice Magic
 + Level 2.0 Alchemy
 - Level 10.0 Invocations
 - Level 5.0 Evocations


You had 15 spell levels left.
You knew the following spells:

 Your Spells              Type           Power      Damage    Failure   Level
a - Hailstorm             Conj/Ice       44%        3d9       1%          3
b - Frozen Ramparts       Ice            100%       1d16      1%          3
c - Ozocubu's Armour      Ice            57%        N/A       1%          3
d - Summon Ice Beast      Ice/Summ       41%        N/A       1%          3

Your spell library contained the following spells:

 Spells                   Type           Power      Damage    Failure   Level
 Freeze                   Ice            100%       1d10      1%          1
 Ensorcelled Hibernation  Hex/Ice        68%        N/A       1%          2
 Magic Dart               Conj           100%       1d8       2%          1
 Sting                    Conj/Alch      88%        1d8       4%          1
 Summon Small Mammal      Summ           88%        N/A       4%          1
 Call Imp                 Summ           44%        N/A       6%          2
 Momentum Strike          Conj/Tloc      34%        3d8       9%          2
 Static Discharge         Conj/Air       34%        3-5/arc   9%          2
 Apportation              Tloc           16%        N/A       14%         1
 Necrotise                Necr           32%        1d5       14%         1
 Stone Arrow              Conj/Erth      34%        3d9       19%         3
 Blink                    Tloc           16%        N/A       21%         2
 Passwall                 Erth           8%         N/A       38%         3
 Swiftness                Air            8%         N/A       38%         3
 Flame Wave               Conj/Fire      22%        2d8       38%         4
 Ignite Poison            Fire/Alch      17%        N/A       52%         4
 Sticky Flame             Fire/Alch      17%        2d5       52%         4
 Animate Armour           Summ/Erth      30%        N/A       58%         4
 Summon Lightning Spire   Summ/Air       15%        N/A       58%         4
 Airstrike                Air            4%         2d(1-17)  80%         4
 Alistair's Intoxication  Alch           11%        N/A       86%         5
 Borgnjor's Vile Clutch   Necr/Erth      4%         N/A       98%         5
 Summon Cactus Giant      Summ           11%        N/A       99%         6
 Eringya's Noxious Bog    Alch           8%         4d6       100%        6
 Ignition                 Fire           8%         3d5       100%        8
 Lehudib's Crystal Spear  Conj/Erth      8%         10d4      100%        8
 Chain Lightning          Conj/Air       8%         3d11      100%        9
 Polar Vortex             Ice            28%        12d3*     100%        9


Dungeon Overview and Level Annotations

Branches:
Dungeon (13/15)            Temple (1/1) D:6            Lair (5/5) D:11
 Shoals (0/4) Lair:2       Spider (0/4) Lair:3        Slime (0/5) Lair:4
    Orc (0/2) D:10         Vaults (0/5) D:13        Ossuary (visited)

Altars:
Ashenzari
Cheibriados
Dithmenos
Fedhas
Gozag
Hepliaklqana
Kikubaaqudgha
Makhleb
Nemelex Xobeh
Okawaru
Qazlal
Ru
Sif Muna
Trog
Uskayaw
Vehumet
Wu Jian
Xom
Yredelemnul
Beogh
Jiyva

Shops:
D:4 =   D:8 [

Portals:
Hell: Lair:5
Trove: D:10 (give 18 potions of curing)

Annotations:
D:7 1 runed translucent door, Smolly's ghost, novice CoBr
D:12 exclusion: downstairs
D:13 1 transporter


Innate Abilities, Weirdness & Mutations

You are immune to poison.
You have sharp fingernails.
Your flesh is cold resistant. (rC+)
You are immune to negative energy. (rN+++)
You do not regenerate when monsters are visible.
You are immune to unholy pain and torment.
You thrive by killing the living.


Message History

You hit the skeletal warrior but do no damage.
The skeletal warrior is lightly damaged.
The skeletal warrior hits you with a +0 battleaxe!
* * * LOW HITPOINT WARNING * * *
You hit the skeletal warrior. You freeze the skeletal warrior.
The skeletal warrior is lightly damaged.
The skeletal warrior hits you with a +0 battleaxe!
* * * LOW HITPOINT WARNING * * *
You slash the skeletal warrior! You freeze the skeletal warrior.
The skeletal warrior is moderately damaged.
The skeletal warrior barely misses you.
The skeletal warrior hits you but does no damage.
You hit the skeletal warrior. You freeze the skeletal warrior.
The skeletal warrior is moderately damaged.
The skeletal warrior barely misses you.
You hit the skeletal warrior. You freeze the skeletal warrior.
The skeletal warrior is heavily damaged.
The skeletal warrior hits you but does no damage.
You slash the skeletal warrior! You freeze the skeletal warrior.
The skeletal warrior is severely damaged.
The skeletal warrior hits you but does no damage.
You hit the skeletal warrior but do no damage.
The skeletal warrior is severely damaged.
The skeletal warrior completely misses you.
The skeletal warrior hits you but does no damage.
You hit the skeletal warrior but do no damage.
The skeletal warrior is severely damaged.
The skeletal warrior hits you but does no damage.
You completely miss the skeletal warrior.
The skeletal warrior is severely damaged.
The skeletal warrior barely misses you.
You closely miss the skeletal warrior.
The skeletal warrior is severely damaged.
The skeletal warrior misses you.
The skeletal warrior hits you with a +0 battleaxe.
* * * LOW HITPOINT WARNING * * *
You hit the skeletal warrior but do no damage.
The skeletal warrior is severely damaged.
The skeletal warrior hits you with a +0 battleaxe!
You die...

#...............# #....
#.......>.......# #....
#...............########....
#.........................##
#.........................'.
#.........................#.
#.........................#.
#<..........###########...#.
#..........@# #†..#.
#..........z# #...#.
#........>..# #.).##
####........# #.....
#.)......###########...##
#......................#.
#............#######...#.
#............# #...#.
#..######....# #...#.


You could see a skeletal warrior.

Vanquished Creatures
  Kirke (D:12)
  Nessos (Lair:4)
  2 hydras (Lair:5)
  An ogre mage (D:13)
  A catoblepas (Lair:2)
  A two-headed ogre (D:13)
  5 death yaks
  Urug (Lair:1)
  A sixfirhy (Lair:5)
  A skyshark (Lair:5)
  2 arcanists
  Pikel (D:6)
  2 deep elf pyromancers
  3 ugly things
  A manticore (D:13)
  A cyclops (D:12)
  12 elephants
  4 black mambas
  8 cane toads
  2 orange demons (Lair:5)
  10 komodo dragons
  A gargoyle (D:11)
  6 rime drakes
  A kobold demonologist (D:13)
  An efreet (D:13)
  A guardian mummy (D:10)
  A red devil (Lair:5)
  2 ice devils (Lair:5)
  A hellwing (Lair:5)
  A merfolk (Lair:2)
  5 trolls
  A polar bear (Lair:3)
  A hornet (D:8)
  13 blink frogs
  3 culicivoras (Lair:3)
  7 slime creatures (D:13)
  39 yaks
  2 shadows
  7 wyverns
  2 wraiths
  4 basilisks
  2 hogs (D:12)
  A steam dragon (D:10)
  3 acid dragons
  4 hell hounds (Lair:5)
  13 water moccasins
  A sky beast (D:7)
  3 ice beasts
  4 orc warriors
  2 ogres (D:6)
  3 centaurs
  5 black bears
  2 laughing skulls (D:13)
  6 wolves
  A lemure (D:6)
  6 kobold brigands
  An elf zombie (Ossuary)
  8 bullfrogs
  Blork the orc (D:4)
  2 scorpions
  A troll zombie (Ossuary)
  13 killer bees
  3 howler monkeys
  An electric eel (Lair:2)
  2 bombardier beetles (D:5)
  A jelly (D:8)
  9 orc priests
  Crazy Yiuf (D:3)
  3 hounds
  2 sleepcaps
  10 orc wizards
  4 iguanas
  12 hell rats
  An ogre zombie (Ossuary)
  2 mummies (Ossuary)
  3 gnolls (D:2)
  3 adders
  A shadow imp (D:5)
  3 white imps
  6 adder zombies (Ossuary)
  A dart slug (D:1)
  A ribbon worm (D:2)
  33 orcs
  6 endoplasms
  A giant cockroach (D:3)
  6 goblins
  11 hobgoblins
  4 jackals (D:2)
  33 kobolds
  4 quokkas
  8 ball pythons
  6 bats
  3 frilled lizards
  5 goblin zombies (Ossuary)
  A hobgoblin zombie (Ossuary)
  A kobold zombie (Ossuary)
  4 quokka zombies (Ossuary)
  5 rats
  5 rat zombies (Ossuary)
447 creatures vanquished.

Vanquished Creatures (collateral kills)
  A hydra (Lair:5)
  Fannar (Lair:2)
  3 two-headed ogres
  A skeletal warrior (D:13)
  2 oklob plants
  A cane toad (Lair:1)
  A komodo dragon (Lair:5)
  A merfolk (Lair:2)
  3 slime creatures (D:13)
  A wraith (D:11)
  6 yaks
  Menkaure (Ossuary)
  A water moccasin (Lair:5)
  2 ogres
  A centaur (D:10)
  2 howler monkeys (D:10)
  A killer bee (D:9)
  A bombardier beetle (D:6)
  A centaur zombie (Ossuary)
  An orc priest (D:10)
  2 orc wizards (D:10)
  A hell rat (Lair:5)
  2 ogre zombies (Ossuary)
  4 mummies (Ossuary)
  4 orcs
  A hobgoblin zombie (Ossuary)
  A kobold zombie (Ossuary)
47 creatures vanquished.

Vanquished Creatures (others)
  A yak (Lair:5)
  3 humans (D:12)
  2 howler monkeys (D:12)
  A kobold (D:9)
7 creatures vanquished.

Grand Total: 501 creatures vanquished

Notes
Turn   | Place    | Note
-------+----------+-------------------------------------------
     0 | D:1      | Autsider the Ghoul Ice Elementalist began the quest for the
                  | Orb.
     0 | D:1      | Reached XP level 1. HP: 14/14 MP: 3/3
   141 | D:1      | Reached XP level 2. HP: 9/22 MP: 0/5
   234 | D:1      | Reached skill level 1 in Fighting
   783 | D:1      | Reached XP level 3. HP: 28/28 MP: 4/6
   787 | D:1      | Learned a level 3 spell: Frozen Ramparts
  1582 | D:2      | Reached XP level 4. HP: 36/36 MP: 3/7
  1941 | D:2      | Reached skill level 5 in Ice Magic
  2295 | D:2      | Learned a level 3 spell: Ozocubu's Armour
  2912 | D:3      | Found a shadowy altar of Dithmenos.
  3141 | D:3      | Found a runed translucent door.
  3142 | D:3      | Noticed Crazy Yiuf
  3255 | D:3      | Reached XP level 5. HP: 41/44 MP: 5/9
  3776 | D:3      | Killed Crazy Yiuf
  3912 | D:4      | Found Viucuadd's Jewellery Shoppe.
  4016 | D:4      | Got Waoniebb's Essays on the Dynamic Comitatus
  4225 | D:4      | Reached XP level 6. HP: 45/52 MP: 5/10
  4437 | D:4      | Reached skill level 6 in Ice Magic
  4686 | D:4      | Noticed Blork the orc
  4712 | D:4      | Killed Blork the orc
  4843 | D:5      | Entered Level 5 of the Dungeon
  4846 | D:5      | Found a sand-covered staircase.
  4853 | Ossuary  | Entered an ossuary
  4858 | Ossuary  | Learned a level 3 spell: Summon Ice Beast
  5053 | Ossuary  | Noticed Menkaure
  5066 | Ossuary  | Reached skill level 1 in Summonings
  5066 | Ossuary  | Reached XP level 7. HP: 52/59 MP: 8/12
  5074 | Ossuary  | Killed Menkaure
  5844 | D:5      | Reached skill level 5 in Fighting
  5844 | D:5      | Reached XP level 8. HP: 68/68 MP: 4/14
  6504 | D:5      | You fall into a shaft and drop 2 floors!
  6617 | D:6      | Found a broken altar of Ashenzari.
  6617 | D:6      | Found an ornate altar of the Wu Jian Council.
  7210 | D:6      | Reached skill level 7 in Ice Magic
  7311 | D:6      | Found a sacrificial altar of Ru.
  7345 | D:6      | Reached skill level 8 in Ice Magic
  7418 | D:6      | Reached skill level 1 in Armour
  7418 | D:6      | Reached XP level 9. HP: 75/75 MP: 6/15
  7614 | D:6      | Found a staircase to the Ecumenical Temple.
  7626 | Temple   | Entered the Ecumenical Temple
  7980 | D:6      | Noticed Pikel
  7989 | D:6      | Killed Pikel
  7990 | D:6      | Reached skill level 5 in Dodging
  9135 | D:7      | Found a runed translucent door.
  9138 | D:7      | Noticed Smolly's ghost (novice CoBr)
  9182 | D:7      | Found a shimmering altar of Xom.
  9184 | D:7      | Found a shimmering altar of Xom.
  9184 | D:7      | Found an ancient bone altar of Kikubaaqudgha.
  9186 | D:7      | Found a shadowy altar of Dithmenos.
  9186 | D:7      | Found a shimmering blue altar of Sif Muna.
  9186 | D:7      | Found a radiant altar of Vehumet.
  9453 | D:7      | Reached skill level 5 in Spellcasting
  9548 | D:7      | Found a shimmering blue altar of Sif Muna.
  9552 | D:7      | Found a sparkling altar of Nemelex Xobeh.
  9786 | D:7      | Reached XP level 10. HP: 83/83 MP: 11/18
  9789 | D:7      | Reached skill level 1 in Shields
  9872 | D:7      | Became a worshipper of Sif Muna the Loreminder
 10119 | D:8      | Reached skill level 1 in Invocations
 10409 | D:8      | Noticed a two-headed ogre
 10493 | D:8      | Killed a two-headed ogre
 10577 | D:8      | Reached skill level 1 in Polearms
 10646 | D:8      | Found Doluqixke's Armour Shop.
 11262 | D:9      | Reached * piety under Sif Muna
 11654 | D:9      | Reached skill level 5 in Polearms
 11658 | D:9      | Reached XP level 11. HP: 72/89 MP: 9/20
 11771 | D:9      | Reached ** piety under Sif Muna
 11868 | D:9      | Found a bloodstained altar of Trog.
 12179 | D:9      | Noticed a two-headed ogre
 12186 | D:9      | Killed a two-headed ogre
 12694 | D:10     | Entered Level 10 of the Dungeon
 12736 | D:10     | Found a portal to a secret trove of treasure.
 12759 | D:10     | Reached skill level 9 in Ice Magic
 12827 | D:10     | Found a staircase to the Orcish Mines.
 13263 | D:10     | Identified the +5 ring mail of Hedging {*Slow +Blink Int+5
                  | Dex+3}
 13952 | D:10     | Found a roughly hewn altar of Beogh.
 14056 | D:11     | Reached skill level 5 in Armour
 14065 | D:11     | Reached *** piety under Sif Muna
 14066 | D:11     | Reached skill level 10 in Ice Magic
 14666 | D:11     | Reached XP level 12. HP: 101/101 MP: 14/21
 14824 | D:11     | Found a staircase to the Lair.
 15251 | D:12     | Noticed an angel
 15291 | D:12     | Reached skill level 1 in Evocations
 15453 | D:12     | Noticed Kirke
 15467 | D:12     | Killed Kirke
 15654 | D:12     | Identified the +7 plate armour of Midwinter {rC+ Str+2}
 16124 | Lair:1   | Entered Level 1 of the Lair of Beasts
 16296 | Lair:1   | Identified the ring of Zyim Nob {rN+ rCorr MP+9 Dex-3}
 16504 | Lair:1   | Noticed Urug
 16525 | Lair:1   | Killed Urug
 16910 | Lair:1   | Identified the +5 falchion of the Unseen Realm {freeze,
                  | Dex+6}
 17555 | Lair:2   | Reached **** piety under Sif Muna
 17589 | Lair:2   | Noticed Fannar
 17599 | Lair:2   | Reached XP level 13. HP: 81/107 MP: 13/22
 17615 | Lair:2   | Reached skill level 5 in Evocations
 18396 | Lair:2   | Killed Fannar
 18906 | Lair:2   | Found a staircase to the Shoals.
 19031 | Lair:3   | Reached skill level 10 in Invocations
 19644 | Lair:3   | Identified the +0 robe of the Evil One {Rampage rPois rC+++
                  | rN+}
 20047 | Lair:3   | Found a hole to the Spider Nest.
 20175 | Lair:3   | Learned a level 3 spell: Hailstorm
 20196 | Lair:4   | Found a staircase to the Slime Pits.
 20197 | Lair:4   | Found a viscous altar of Jiyva.
 20413 | Lair:4   | Reached ***** piety under Sif Muna
 20830 | Lair:4   | Noticed Nessos
 21040 | Lair:4   | Reached skill level 1 in Conjurations
 21213 | Lair:4   | Killed Nessos
 21885 | Lair:5   | Entered Level 5 of the Lair of Beasts
 22295 | Lair:5   | Reached skill level 10 in Armour
 22295 | Lair:5   | Reached XP level 14. HP: 115/115 MP: 23/23
 22334 | Lair:5   | Received a gift from Sif Muna
 22364 | Lair:5   | Got Sif Muna's Omnibus of Blows and Congelation {god gift}
 23962 | Lair:5   | Found a burning altar of Makhleb.
 24011 | Lair:5   | Reached skill level 11 in Ice Magic
 24285 | Lair:5   | Found a gateway to Hell.
 24292 | Lair:5   | Identified the ring of Bephit {Will+ Dex+4}
 25280 | D:13     | Reached skill level 1 in Alchemy
 25296 | D:13     | Reached skill level 1 in Fire Magic
 25465 | D:13     | Found a gate to the Vaults.
 25552 | D:13     | Found a transporter.
 26143 | D:12     | HP: 2/119 [skeletal warrior/+0 battleaxe (4)]
 26144 | D:12     | Mangled by a skeletal warrior

Illustrated notes

Levels and vault maps discovered:
D:1:      lemuel_arrival_river_ford, layout_basic
D:2:      layout_basic
D:3:      layout_basic, nicolae_dithmenos_shadow_blocks,
          corexii_leaking_fountain, uniq_crazy_yiuf_cottage
D:4:      layout_gridville, minmay_shop_enchanted_jewellery, uniq_blork_the_orc
D:5:      layout_gridville, nicolae_ossuary_entry_ruins, hangedman_decor_push
D:6:      layout_basic, mainiacjoe_overflow_large_starburst,
          nicolae_ru_sacrificial_ziggurat, temple_fountains,
          minmay_misc_feat_alley, uniq_pikel
D:7:      layout_basic, jmf_multi_god_temple, doesnt_xom_only_xom,
          ebering_ghost_reflecting_pool, serial_bayou_lagoon_a,
          minmay_tree_intersection
D:8:      kennysheep_spiral_hall, layout_loops_cross, serial_shops,
          nicolae_shop_waterfront, grunt_ministairs_13, serial_bayou_ford_a,
          hangedman_abyss_or_decor_stagger, nicolae_shop_clearance
D:9:      layout_basic, general_overflow_altar, minivault_4,
          nicolae_kite_square_tiling_tiny
D:10:     layout_basic, minmay_orc_entry_temple_small,
          nicolae_trove_entry_path_of_doom, minmay_misc_feat_tower,
          minmay_misc_feat_four_crosses
D:11:     layout_basic, david_lair_shrubbed
D:12:     layout_irregular_city, zin_angel, uniq_kirke
D:13:     gammafunk_jiyva_shrine, layout_irregular_city, david_vaults_2
Temple:   compressed_dpeg_circular_temple
Lair:1:   layout_chaotic_city, minmay_lair_oklob_items, lemuel_fruit_tree,
          uniq_urug
Lair:2:   layout_loops_ring, mainiacjoe_shoals_entry_four_pools,
          lemuel_fruit_fields, grunt_megastairs_5, uniq_fannar
Lair:3:   layout_chaotic_city, hellmonk_spider_entry_life_and_decay
Lair:4:   layout_layer_cave, slime_entry_1, uniq_nessos
Lair:5:   evil_forest, layout_long_grid

Skill      XL: |  1  2  3  4  5  6  7  8  9 10 11 12 13 14 |
---------------+-------------------------------------------+-----
Spellcasting   | 2 3 4 5 6 7 |  7.4
Fighting       | 1 2 4 5 6 8 9 |  9.8
Ice Magic      | 5 6 8 10 11 | 11.4
Stealth        | 3 |  3.0
Summonings     | 1 3 |  3.0
Dodging        | 3 4 6 |  6.0
Armour         | 1 4 6 10 | 10.0
Shields        | 2 |  2.0
Invocations    | 6 8 10 | 10.0
Polearms       | 5 6 9 |  9.3
Evocations     | 4 5 |  5.0
Conjurations   | 3 4 |  4.0
Alchemy        | 2 |  2.0
Fire Magic     | 1 |  1.8

Action                     |  1- 3 |  4- 6 |  7- 9 | 10-12 | 13-15 || total
---------------------------+-------+-------+-------+-------+-------++-------
  Melee: Unarmed           |    90 |    52 |       |       |       ||   142
         Punch             |     3 |       |       |       |       ||     3
         Trident           |       |    23 |   273 |   297 |    57 ||   650
         Falchion          |       |       |       |       |   432 ||   432
   Fire: Orcbow            |       |       |       |    65 |       ||    65
   Cast: Freeze            |    32 |    11 |     1 |    24 |       ||    68
         Frozen Ramparts   |     6 |    24 |    49 |    77 |    76 ||   232
         Ozocubu's Armour  |       |     5 |    16 |    37 |    47 ||   105
         Summon Ice Beast  |       |     3 |    17 |    41 |    47 ||   108
         Hailstorm         |       |       |       |       |    18 ||    18
  Evoke: Wand              |       |       |       |       |    15 ||    15
    Use: Scroll            |     2 |     4 |       |    15 |     6 ||    27
         Potion            |       |     1 |       |       |     5 ||     6
   Stab: Sleeping          |     1 |     8 |     8 |     1 |     1 ||    19
         Distracted        |       |       |     1 |     1 |     1 ||     3
 Armour: Robe              |    60 |    47 |   130 |   151 |       ||   388
         Ring mail         |       |       |       |   176 |   782 ||   958
  Dodge: Dodged            |    62 |    39 |   120 |   245 |   585 ||  1051
  Block: Other             |       |       |    22 |    30 |       ||    52
         Reflection        |       |       |     3 |     4 |       ||     7

Table legend: (Time is in decaauts)
 A = Elapsed time spent in this place.
 B = Non-inter-level travel time spent in this place.
 C = Inter-level travel time spent in this place.
 D = Time resting spent in this place.
 E = Time spent auto-exploring this place.
 F = Levels seen in this place.
 G = Mean time per level.
                   A        B        C        D        E       F      G
               +--------+--------+--------+--------+--------+-----+--------+
         Total |  26459 |  24822 |   1637 |   1428 |  18953 |  20 | 1322.9 |
       Dungeon |  16664 |  15408 |   1256 |    251 |  12538 |  13 | 1281.8 |
        Temple |     44 |      0 |     44 |      0 |      0 |   1 |   44.0 |
          Lair |   8735 |   8398 |    337 |   1177 |   5683 |   5 | 1747.0 |
       Ossuary |   1015 |   1015 |      0 |      0 |    732 |   1 | 1015.0 |
               +--------+--------+--------+--------+--------+-----+--------+

Top non-repeatable levels by time:
  Lair:5: 2746 daAuts
     D:7: 1784 daAuts
  Lair:4: 1731 daAuts
  Lair:2: 1638 daAuts
     D:2: 1520 daAuts
     D:9: 1479 daAuts
    D:10: 1468 daAuts
     D:6: 1427 daAuts
  Lair:1: 1365 daAuts
     D:1: 1279 daAuts
  Lair:3: 1252 daAuts
    D:11: 1243 daAuts
     D:8: 1220 daAuts
    D:13: 1085 daAuts
     D:3: 1083 daAuts
